AoeStats
← Iwwan

Arena

510294999Analyzed
1v1 RM · 8h ago on Sep 30, 2026· 38m 56s· 2 players
Game mode
Random Map
Map size
Tiny (2 player)
Population
200
Speed
Normal
Resources
Standard
Victory
Conquest
Starting age
Dark Age
Ending age
Imperial Age
RankedLock teamsTeams togetherTeam positionsShared explorationLock speedFull tech treeHidden civsTurbo modeCheats
Victory
Defeat
🇮🇳 Goths · India
785
+15
🇦🇺 Cumans · Australia
772
-30
Iwwan
10:22 Feudal Age
11:05 Double-Bit Axe
11:04 Horse Collar
13:32 Wheelbarrow
20:59 Castle Age
22:02 Hand Cart
22:05 Bow Saw
21:49 Gold Mining
25:39 Scale Barding Armor
25:42 Heavy Plow
26:08 Stone Mining
27:26 Pikeman
36:25 Imperial Age
34:28 Forging
37:07 Cavalier
lololol
7:51 Loom
9:54 Feudal Age
10:51 Double-Bit Axe
10:48 Horse Collar
17:57 Castle Age
19:10 Bow Saw
19:02 Heavy Plow
20:36 Forging
20:27 Scale Mail Armor
22:53 Squires
22:15 Pikeman
24:26 Gold Mining
24:26 Stone Mining
29:21 Anarchy
30:25 Iron Casting
30:06 Chain Mail Armor
30:31 Wheelbarrow
34:17 Imperial Age
34:34 Elite Huskarl
35:17 Perfusion
36:43 Blast Furnace
35:53 Halberdier
38:34 Conscription
Connection lost

Rejoining the realm…

Still unreachable

The connection could not be restored.

Session expired

The server has moved on; the page needs a fresh start.